[Event "Lithuanian Chess League 2021"]
[Site "Various cities"]
[Date "2021.05.09"]
[Round "4.1"]
[White "Laurusas, Tomas"]
[Black "Stauskas, Lukas"]
[Result "1-0"]
[WhiteElo "2505"]
[BlackElo "2316"]
[PlyCount "47"]
[EventDate "2021.??.??"]
[TimeControl "90/40+30:0"]
[WhiteClock "0:24:23"]
[BlackClock "0:18:01"]

1. d4 d5 2. c4 c6 3. Nf3 Nf6 4. Nc3 e6 5. Bg5 Nbd7 6. e3 Qa5 7. cxd5 Nxd5 8.
Qd2 Bb4 9. Rc1 b6 10. a3 Bxc3 11. bxc3 Qxa3 12. Bd3 h6 13. Bh4 e5 14. O-O O-O 15. c4 N5f6 16. Bxf6 gxf6 17. Nh4 Re8 18. c5 Nf8 19. Ra1 Qb3 20. Rfb1 Qd5 21. cxb6 Bb7 22. bxa7 c5 23. e4 Qxd4 24. Nf5 1-0

[Event "Lithuanian Chess League 2021"]
[Site "Various cities"]
[Date "2021.05.09"]
[Round "4.2"]
[White "Vardanyan, Aras"]
[Black "Pultinevicius, Paulius"]
[Result "1/2-1/2"]
[WhiteElo "2197"]
[BlackElo "2501"]
[PlyCount "165"]
[EventDate "2021.??.??"]
[TimeControl "90/40+30:0"]
[WhiteClock "0:06:01"]
[BlackClock "0:04:04"]

1. d4 Nf6 2. c4 g6 3. f3 d5 4. cxd5 Nxd5 5. e4 Nb6 6. Nc3 Bg7 7. Be3 O-O 8. Qd2 Nc6 9. O-O-O Qd6 10. Nb5 Qd7 11. Bh6 Bxh6 12. Qxh6 a6 13. Nc3 Nxd4 14. f4 f6 15. h4 e5 16. Nf3 Qg7 17. Qxg7+ Kxg7 18. Nxd4 exd4 19. Rxd4 Bd7 20. Be2 Bc6 21. Re1 Rae8 22. g3 Re7 23.
Bd3 Rfe8 24. Re2 Re6 25. b4 Rd6 26. Rxd6 cxd6 27. Rd2 Kf8 28. h5 gxh5 29. Rh2 Rc8 30. Kd2 Be8 31. Be2 Nc4+ 32. Kd3 Kg7 33. Kd4 Na3 34. Bd3 Bf7 35. Nd1 f5 36. exf5 Nb5+ 37. Bxb5 axb5 38. Ne3 Rc1 39. a3 Ra1 40. Nc2 Rg1 41. Rh3 Rd1+ 42. Ke4 Bd5+ 43. Ke3 Bf7 44. Nd4 Kf6 45. Rh2 Bc4 46. Rd2 Re1+ 47. Kf2 Rf1+ 48. Ke3 Ra1 49. Nc2 Ra2 50. Rxd6+ Kxf5 51. Nd4+ Kg4 52. Rh6 Rxa3+ 53. Ke4 Rxg3 54. f5 Bd3+ 55. Ke5 Re3+ 56. Kf6 h4 57. Rxh7 h3 58. Rg7+ Kh4 59. Ne6 Rf3 60. Nd4 Rf1 61. Rh7+ Kg3 62. Rg7+ Kf2 63. Rh7 Kg2 64. Rg7+ Kh2 65. Ke5 Re1+ 66. Kd6 Rf1 67. Ke5 Re1+ 68. Kd6 Be4 69. f6 Rf1 70.
f7 Bg6 71. Rxg6 Rxf7 72. Nxb5 Rf4 73. Kc5 b6+ 74. Rxb6 Kg2 75.
Rg6+ Kf1 76. Rh6 Kg2 77. Nd4 h2 78. b5 h1=Q 79. Rxh1 Kxh1 80. b6 Rf7 81. Kc6 Rf6+ 82. Kc7 Rxb6 83. Kxb6 1/2-1/2

[Event "Lithuanian Chess League 2021"]
[Site "Various cities"]
[Date "2021.05.09"]
[Round "4.3"]
[White "Vedrickas, Tautvydas"]
[Black "Salna, Aleksandras"]
[Result "0-1"]
[WhiteElo "2395"]
[BlackElo "2125"]
[PlyCount "94"]
[EventDate "2021.??.??"]
[TimeControl "90/40+30:0"]
[WhiteClock "0:00:33"]
[BlackClock "0:37:08"]

1. d4 d5 2. c4 c6 3. Nf3 Nf6 4. Nc3 a6 5. Qc2 g6 6. cxd5 cxd5 7. Bg5 Nc6 8.
Bxf6 exf6 9. Qb3 Be6 10. e3 Na5 11. Qd1 Nc4 12. Bxc4 dxc4 13. O-O b5 14. d5 Bd7 15. Qd4 Bg7 16. Qc5 Rb8 17. Ne4 Qe7 18. Nd6+ Kd8 19. Nd4 Bf8 20. Nc6+ Bxc6 21. dxc6 Kc7 22. Rfd1 Rb6 23. a4 Qxd6 24. Rxd6 Bxd6 25. Qd5 Rd8 26. Qxf7+ Kxc6 27. axb5+ axb5 28. Qxf6 Rf8 29. Qe6 Kc5 30. b4+ Kxb4 31. Qd5 Rd8 32. g3 Be7 33. Rb1+ Ka4 34. Ra1+ Kb3 35. Qe4 Bf6 36. Ra7 Kb2 37. Rxh7 Rc8 38. Rf7 b4 39. Rxf6 Rxf6 40. Qd4+ c3 41. Qxf6 b3 42. Kf1 Kb1 43. Qe6 b2 44. Ke2 c2 45.
Qe4 Rd8 46. h4 Kc1 47. Qe7 Rd2+ 0-1

[Event "Lithuanian Chess League 2021"]
[Site "Various cities"]
[Date "2021.05.09"]
[Round "4.4"]
[White "Eigminas, Kipras"]
[Black "Klabis, Rokas"]
[Result "1/2-1/2"]
[WhiteElo "2095"]
[BlackElo "2329"]
[PlyCount "116"]
[EventDate "2021.??.??"]
[TimeControl "90/40+30:0"]
[WhiteClock "0:09:45"]
[BlackClock "0:02:31"]

1. e4 e5 2. Nf3 Nc6 3. Bb5 Nge7 4. O-O Ng6 5. d4 exd4 6. Nxd4 Bc5 7. Nf5 O-O 8. Qh5 d6 9. Bg5 f6 10. Bc4+ Kh8 11. Be3 Nge5 12. Qe2 g6 13. Bxc5 dxc5 14. Ne3 Nd4 15. Qd1 Nxc4 16. Nxc4 b6 17. Re1 Bb7 18.
Nba3 Qe8 19. c3 Ne6 20. Qe2 Qc6 21. f3 Rae8 22. Rad1 Ng5 23. Qe3 Re7 24. Qf4 Ne6 25. Qh4 Rg7 26. Qf2 Nf4 27. Qg3 Nh5 28. Qh4 Qe8 29. Ne3 g5 30.
Qf2 Bc8 31. Nf5 Rd7 32. Rxd7 Bxd7 33. g3 Be6 34. b3 Qd7 35. c4 Rd8 36. Nb5 Ng7 37. g4 c6 38. Nc3 Bf7 39. Nxg7 Kxg7 40. h4 gxh4 41. Rd1 Qc7 42. Qxh4 Rxd1+ 43. Nxd1 Qf4 44. Kg2 b5 45. cxb5 cxb5 46. Qf2 Qc1 47. Ne3 Be6 48. f4 c4 49. bxc4 bxc4 50. e5 c3 51. f5 Bxa2 52.
exf6+ Kxf6 53. Qh4+ Ke5 54. Qe7+ Kd4 55. Qxa7+ Kd3 56. Qa6+ Ke4 57. Qc6+ Kd3 58. Qa6+ Ke4 1/2-1/2

[Event "Lithuanian Chess League 2021"]
[Site "Various cities"]
[Date "2021.05.09"]
[Round "4.5"]
[White "Setkauskas, Vaidas"]
[Black "Paulauskas, Andrius"]
[Result "1/2-1/2"]
[WhiteElo "2238"]
[BlackElo "1906"]
[PlyCount "108"]
[EventDate "2021.??.??"]
[TimeControl "90/40+30:0"]
[WhiteClock "0:02:36"]
[BlackClock "0:17:57"]

1. e4 e6 2. d4 d5 3. Bd3 dxe4 4. Bxe4 Nf6 5. Bf3 c5 6. Ne2 Be7 7. Be3 cxd4 8.
Qxd4 Qxd4 9. Nxd4 a6 10. c4 e5 11. Nb3 e4 12. Be2 Nc6 13. O-O O-O 14. Nc3 Bf5 15. h3 Bd6 16. g4 Bg6 17. h4 h6 18. g5 hxg5 19. hxg5 Nh7 20.
Rfd1 Be7 21. Rd7 Bxg5 22. Rxb7 f5 23. Rb6 Be8 24. Nd5 Bd8 25.
Rb7 Rf7 26. Nc5 Rxb7 27. Nxb7 Rb8 28. Nxd8 Rxd8 29. Bb6 Rb8 30. c5 Bf7 31. Rd1 Ng5 32. Bxa6 Bxd5 33. Rxd5 Nb4 34. Rxf5 Nf3+ 35. Rxf3 exf3 36. Bc4+ Kf8 37. Bc7 Rc8 38. Bd6+ Ke8 39. a3 Nc6 40. Be6 Ra8 41. Bd5 Kd7 42. Bxf3 Ra4 43. Kf1 Rc4 44. Ke1 Nd4 45. Bg4+ Kc6 46. Bd1 Nf5 47. Bf8 Re4+ 48. Kf1 Rd4 49. Bf3+ Kc7 50. b4 Rd8 51. Bd6+ Nxd6 52. cxd6+ Rxd6 53. Be2 Rd2 54. a4 Rd4 1/2-1/2

[Event "Lithuanian Chess League 2021"]
[Site "Various cities"]
[Date "2021.05.09"]
[Round "4.6"]
[White "Sulskis, Sarunas"]
[Black "Stremavicius, Titas"]
[Result "1/2-1/2"]
[WhiteElo "2518"]
[BlackElo "2484"]
[PlyCount "148"]
[EventDate "2021.??.??"]
[TimeControl "90/40+30:0"]
[WhiteClock "0:02:57"]
[BlackClock "0:05:50"]

1. Nf3 f5 2. b4 Nf6 3. Bb2 e6 4. b5 a6 5. a4 Be7 6. e3 O-O 7. Be2 axb5 8. axb5 Rxa1 9. Bxa1 b6 10. O-O Re8 11. d3 Bb7 12. Nbd2 Bf8 13. c4 d6 14. Nd4 g6 15.
Bf3 Bxf3 16. Qxf3 Bg7 17. Bb2 e5 18. Nc2 Nbd7 19. Nb4 e4 20.
Qe2 exd3 21. Qxd3 Nc5 22. Qc2 Qd7 23. h3 Ra8 24. Bxf6 Bxf6 25. e4 fxe4 26. Nxe4 Nxe4 27. Qxe4 Re8 28. Qb7 Qf7 29. Qd5 Qxd5 30. Nxd5 Kf7 31. Nxc7 Rc8 32. Nd5 Rxc4 33. Nxb6 Rb4 34. Nc8 Ke6 35. Re1+ Be5 36. Na7 Kd7 37. g3 Rb2 38. Re4 Bf6 39. Rf4 Ke6 40.
h4 d5 41. Ra4 Kd7 42. Kg2 Bc3 43. Rf4 d4 44. Rf3 h5 45. Rf7+ Ke8 46. Rc7 Ba5 47. Rc8+ Kd7 48. Rc4 Bb6 49. Nc8 Rxb5 50. Nxb6+ Rxb6 51. Rxd4+ Ke6 52. Rf4 Rb3 53. Rf8 Ke7 54. Rf3 Rb1 55. Rf4 Rb3 56. Kh3 Rc3 57. f3 Ra3 58. Re4+ Kf6 59. Kg2 Ra2+ 60. Kf1 Rb2 61. Re2 Rb1+ 62. Kf2 Rb3 63. Rd2 Rb6 64. Ke3 Ra6 65. Rd5 Ra3+ 66. Ke4 Ra4+ 67. Rd4 Ra6 68. Kf4 Rb6 69. Rc4 Ra6 70. g4 hxg4 71. fxg4 g5+ 72. hxg5+ Kg6 73. Rc5 Ra4+ 74. Kg3 Ra1 1/2-1/2

[Event "Lithuanian Chess League 2021"]
[Site "Various cities"]
[Date "2021.05.09"]
[Round "4.7"]
[White "Juksta, Karolis"]
[Black "Bieliauskas, Marius"]
[Result "1-0"]
[WhiteElo "2437"]
[BlackElo "2201"]
[PlyCount "45"]
[EventDate "2021.??.??"]
[TimeControl "90/40+30:0"]
[WhiteClock "0:26:34"]
[BlackClock "0:13:28"]

1. d4 Nf6 2. c4 g6 3. Nc3 d5 4. cxd5 Nxd5 5. e4 Nxc3 6. bxc3 Bg7 7. Nf3 O-O 8. Be2 c5 9. O-O b6 10. Bg5 Bb7 11. Qd3 Ba6 12. Qe3 Bxe2 13.
Qxe2 cxd4 14. cxd4 Qd7 15. Rac1 h6 16. Bf4 e6 17. Rc7 Qa4 18.
Rfc1 b5 19. Rb7 a5 20. Qd2 h5 21. Bd6 Rd8 22. Qf4 Nd7 23. Ng5 1-0

[Event "Lithuanian Chess League 2021"]
[Site "Various cities"]
[Date "2021.05.09"]
[Round "4.8"]
[White "Steponavicius, Stasys"]
[Black "Stremavicius, Pijus"]
[Result "0-1"]
[WhiteElo "2193"]
[BlackElo "2214"]
[PlyCount "104"]
[EventDate "2021.??.??"]
[TimeControl "90/40+30:0"]
[WhiteClock "0:10:35"]
[BlackClock "1:40:59"]

1. d4 Nf6 2. c4 e6 3. Nc3 Bb4 4. Nf3 O-O 5. g3 b6 6. Bg2 Bb7 7. Bd2 c5 8.
O-O cxd4 9. Nxd4 Bxg2 10. Kxg2 d5 11. cxd5 Nxd5 12. Ne4 Be7 13. Rc1 Nf6 14. Nxf6+ Bxf6 15. Bc3 e5 16. Nf5 Nc6 17. Qxd8 Rfxd8 18. Rfd1 g6 19. Rd6 Bg5 20. e3 Nd4 21. Rxd8+ Rxd8 22. Nxd4 exd4 23. Bxd4 Rxd4 24. h4 Bxe3 25. fxe3 Rd2+ 26. Kf3 Rxb2 27. a4 h5 28.
Rc7 a5 29. e4 Rb4 30. Rb7 Rxa4 31. Rxb6 Rb4 32. Ra6 a4 33. Ra7 Rb3+ 34. Kf4 a3 35. e5 Kf8 36. e6 fxe6 37. g4 Rb4+ 38. Kg5 Rxg4+ 39. Kf6 Kg8 40. Rxa3 Kh7 41. Rh3 Re4 42. Kf7 e5 43. Kf6 Kh6 44. Rh1 Kh7 45.
Rh3 Re1 46. Rh2 e4 47. Rg2 e3 48. Rxg6 e2 49. Rg7+ Kh8 50. Kf7 Rf1+ 51. Kg6 Rg1+ 52. Kh6 Rxg7 0-1

[Event "Lithuanian Chess League 2021"]
[Site "Various cities"]
[Date "2021.05.09"]
[Round "4.9"]
[White "Vaznonis, Vytautas"]
[Black "Solys, Laimutis"]
[Result "0-1"]
[WhiteElo "2382"]
[BlackElo "2319"]
[PlyCount "74"]
[EventDate "2021.??.??"]
[TimeControl "90/40+30:0"]
[WhiteClock "0:01:25"]
[BlackClock "0:20:24"]

1. c4 e6 2. Nc3 d5 3. d4 a6 4. cxd5 exd5 5. Nf3 Nf6 6. Bg5 Be6 7. e3 Nbd7 8. Bd3 Bd6 9. O-O O-O 10. Rc1 c6 11. h3 Qc7 12. e4 dxe4 13.
Nxe4 Nxe4 14. Bxe4 Nb6 15. Bb1 Nd5 16. Re1 Bf4 17. Bxf4 Qxf4 18. Re4 Qf6 19. Re5 Nf4 20. Ng5 g6 21. Qf3 Bd5 22. Ne4 Bxe4 23.
Bxe4 Kg7 24. Kh2 Rad8 25. Qe3 Ne6 26. Bb1 Rxd4 27. a3 Rfd8 28.
Re1 R8d6 29. Ba2 Rd3 30. Qb6 Ng5 31. Qxb7 Qf4+ 32. Kg1 Rd1 33.
Qe7 R6d2 34. Rxg5 Qxf2+ 35. Kh2 Rxe1 36. Qb4 Qg1+ 37. Kg3 Rxg2+ 0-1

[Event "Lithuanian Chess League 2021"]
[Site "Various cities"]
[Date "2021.05.09"]
[Round "4.10"]
[White "Tamosiunas, Tomas"]
[Black "Greicius, Pijus"]
[Result "1/2-1/2"]
[WhiteElo "1947"]
[BlackElo "1980"]
[PlyCount "68"]
[EventDate "2021.??.??"]
[TimeControl "90/40+30:0"]
[WhiteClock "0:35:12"]
[BlackClock "0:13:37"]

1. e4 e5 2. Nf3 Nc6 3. Bb5 a6 4. Ba4 Nf6 5. O-O Be7 6. Re1 b5 7. Bb3 O-O 8. c3 d5 9. d4 dxe4 10. Nxe5 Nxe5 11. dxe5 Qxd1 12. Bxd1 Nd7 13. Bc2 f5 14. exf6 Nxf6 15. Be3 Bb7 16. Nd2 Rad8 17. Rad1 Ng4 18. Nxe4 Bxe4 19. Bxe4 Nxe3 20. fxe3 Rxd1 21.
Rxd1 Bg5 22. Rd3 Rd8 23. Rxd8+ Bxd8 24. Kf2 h6 25. Ke2 c5 26. b4 cxb4 27. cxb4 a5 28. bxa5 Bxa5 29. Bc6 b4 30. Kd3 Bd8 31. Kc4 Be7 32. Kd5 Kf7 33. e4 Bg5 34. h3 Ke7 1/2-1/2

[Event "Lithuanian Chess League 2021"]
[Site "Various cities"]
[Date "2021.05.09"]
[Round "4.12"]
[White "Likatavicius, Rapolas"]
[Black "Indriunas, Matas"]
[Result "0-1"]
[WhiteElo "1929"]
[BlackElo "2227"]
[PlyCount "64"]
[EventDate "2021.??.??"]
[TimeControl "90/40+30:0"]
[WhiteClock "0:08:41"]
[BlackClock "0:11:18"]

1. d4 Nf6 2. g3 d5 3. Bg2 e6 4. Nf3 c6 5. O-O Be7 6. c4 O-O 7. Nbd2 b6 8.
Qc2 Bb7 9. e4 dxe4 10. Nxe4 Nxe4 11. Qxe4 Nd7 12. Bf4 Qc8 13. Ne5 Nxe5 14. Bxe5 Qd7 15. Rad1 g5 16. d5 cxd5 17. cxd5 Bxd5 18. Qg4 Rad8 19. h4 Qb7 20. Rxd5 exd5 21. hxg5 Qd7 22. Qd4 Bxg5 23. Kh2 f6 24. Bf4 Bxf4 25. gxf4 Kh8 26. Bh3 Qd6 27. Bf5 Qc5 28. Qd1 Rf7 29. Qh5 Rg7 30. Qh4 Qe7 31. Rd1 d4 32. Rd3 Qe1 0-1

[Event "Lithuanian Chess League 2021"]
[Site "Various cities"]
[Date "2021.05.09"]
[Round "4.13"]
[White "Limontas, Martynas"]
[Black "Kuznecovas, Kevinas"]
[Result "1-0"]
[WhiteElo "2311"]
[BlackElo "1882"]
[PlyCount "74"]
[EventDate "2021.??.??"]
[TimeControl "90/40+30:0"]
[WhiteClock "0:09:25"]
[BlackClock "0:09:55"]

1. Nf3 Nf6 2. b3 c5 3. Bb2 d6 4. e3 Nc6 5. d4 cxd4 6. exd4 Bf5 7. Be2 e6 8. O-O d5 9. c4 Bd6 10. Nc3 a6 11. a3 g5 12. Re1 Kf8 13.
cxd5 exd5 14. Ne5 Qc7 15. Rc1 Rd8 16. Bd3 Be6 17. Ne2 Ra8 18.
Ng3 Bxe5 19. dxe5 Nd7 20. Qh5 h6 21. h4 gxh4 22. Qxh4 Qd8 23. Qxd8+ Nxd8 24. f4 Rg8 25. Kf2 Bg4 26. f5 Nc6 27. e6 Nb6 28.
exf7 Kxf7 29. Re6 Rae8 30. Rxh6 Re7 31. Bxa6 bxa6 32. Rcxc6 Nd7 33. Rc7 Bd1 34. Rh7+ Kf8 35. Rxd7 Rxh7 36. Rxh7 Bxb3 37. Rh8 Rxh8 1-0

[Event "Lithuanian Chess League 2021"]
[Site "Various cities"]
[Date "2021.05.09"]
[Round "4.14"]
[White "Dailidenas, Justas"]
[Black "Mickevicius, Juras"]
[Result "0-1"]
[WhiteElo "1716"]
[BlackElo "2281"]
[PlyCount "96"]
[EventDate "2021.??.??"]
[TimeControl "90/40+30:0"]
[WhiteClock "0:38:40"]
[BlackClock "0:29:31"]

1. c4 e6 2. Nf3 d5 3. e3 Nf6 4. d4 Be7 5. Be2 O-O 6. O-O dxc4 7. Bxc4 b6 8.
b3 Bb7 9. Ba3 Nbd7 10. Bxe7 Qxe7 11. Nbd2 c5 12. Qe2 cxd4 13.
Nxd4 Nc5 14. Rfd1 Rfd8 15. Rac1 Rac8 16. N2f3 Nfe4 17. Qb2 Nd6 18. Be2 Nce4 19. Rxc8 Rxc8 20. Rc1 Rxc1+ 21. Qxc1 a5 22. Nb5 Nxb5 23. Bxb5 Nc5 24. Nd4 e5 25. Nf5 Qg5 26. Ng3 h5 27. Bf1 h4 28.
Ne2 Qf6 29. Qc4 Ne4 30. f3 Nc5 31. e4 Ba6 32. Qd5 Bxe2 33. Bxe2 g6 34. Bc4 Kg7 35. Kf2 Qe7 36. Qc6 Qd8 37. Qd5 Qc7 38. Qd2 Qe7 39. Qd5 Qf6 40. g3 hxg3+ 41. hxg3 g5 42. g4 Ne6 43. Qd6 Nd4 44. Qxf6+ Kxf6 45. Ke3 Ke7 46. Be2 Kd6 47. Bd3 Kc5 48. a3 Nxb3 0-1

[Event "Lithuanian Chess League 2021"]
[Site "Various cities"]
[Date "2021.05.09"]
[Round "4.15"]
[White "Viskelis, Darius"]
[Black "Posaskov, Nikita"]
[Result "1/2-1/2"]
[WhiteElo "2223"]
[BlackElo "1706"]
[PlyCount "66"]
[EventDate "2021.??.??"]
[TimeControl "90/40+30:0"]
[WhiteClock "0:27:33"]
[BlackClock "0:11:25"]

1. e4 c6 2. d4 d5 3. exd5 cxd5 4. c4 Nf6 5. Nc3 e6 6. Nf3 Bb4 7. Qa4+ Nc6 8.
c5 Bxc3+ 9. bxc3 Ne4 10. Bd3 Nxc3 11. Qc2 Ne4 12. Bxe4 dxe4 13.
Qxe4 Qd5 14. Qg4 Bd7 15. O-O e5 16. Qg3 Nxd4 17. Nxd4 Qxd4 18. Rb1 Qe4 19. Bb2 O-O 20. Bxe5 f6 21. Rfe1 Qc6 22. Bd6 Rfe8 23. Qb3+ Kh8 24. Qf7 Bf5 25. Rbd1 Qd7 26. Qd5 Rxe1+ 27. Rxe1 Re8 28. Rc1 Be4 29. Qh5 Bc6 30. h3 Qe6 31. a3 Qe4 32. Qg4 Qxg4 33. hxg4 Kg8 1/2-1/2